APL (24 & UNDER)
DETROIT DIRTY SNOW @ ATHENS ASSASSINS
09/01/2026
 
TOP OF THE 1ST
Detroit Dirty Snow batting - Pitching for Athens Assassins : RHP Jason Mason
Pitching: RHP Jason Mason
Batting: SHB Bob Noble 0-0: Ball
1-0: Called Strike
1-1: Called Strike
1-2: Ball
2-2: Ball
3-2: Ground out U3 (Groundball, 3S)
Batting: RHB Cristo Souza 0-0: Foul Ball, location: 2F
0-1: Ball
1-1: Swinging Strike
1-2: Strikes out swinging
Batting: LHB Eric Powell 0-0: Foul Ball, location: 2F
0-1: Ball
1-1: Ball
2-1: Foul Ball, location: 2F
2-2: Foul Ball, location: 2F
2-2: Ball
3-2: SINGLE (Groundball, 34D)
Pitching: RHP Kieron Lahyani
Batting: SHB Tim Reid 0-0: Ball
Eric Powell steals 2nd base
1-0: Foul Ball, location: 2F
1-1: DOUBLE (Flyball, 8LXD)
Eric Powell scores
Batting: RHB Héctor Berrios 0-0: Ground out 5-3 (Groundball, 56)
Top of the 1st over - 1 run(s), 2 hit(s), 0 error(s), 1 left on base; Detroit 1 - Athens 0
BOTTOM OF THE 1ST
Athens Assassins batting - Pitching for Detroit Dirty Snow : RHP Frank Davis
Pitching: RHP Frank Davis
Batting: SHB José Estreito 0-0: Called Strike
0-1: Ball
1-1: Called Strike
1-2: Fly out, F9 (Flyball, 89M)
Batting: RHB Juan Gonzáles 0-0: Foul Ball, location: 2F
0-1: Foul Ball, location: 2F
0-2: Strikes out looking
Batting: LHB Tommy Payne 0-0: Called Strike
0-1: Foul Ball, location: 2F
0-2: SINGLE (Groundball, 3D)
Batting: LHB Terry Simpson 0-0: Ball
1-0: Ball
2-0: Fly out, F7 (Flyball, 78M)
Bottom of the 1st over - 0 run(s), 1 hit(s), 0 error(s), 1 left on base; Detroit 1 - Athens 0
TOP OF THE 2ND
Detroit Dirty Snow batting - Pitching for Athens Assassins : RHP Kieron Lahyani
Batting: RHB Manny Perea 0-0: Foul Ball, location: 2F
0-1: Ground out 1-3 (Groundball, 13S)
Batting: RHB Charlie O'Farrell 0-0: Called Strike
0-1: Fly out, F9 (Flyball, 9S)
Batting: SHB Alan Garland 0-0: Called Strike
0-1: Foul Ball, location: 2F
0-2: SINGLE (Line Drive, 4M)
Batting: RHB Phil Wright 0-0: Foul Ball, location: 2F
0-1: TRIPLE (Line Drive, 9LS)
Alan Garland scores
Batting: SHB Bob Noble 0-0: Fly out, F3 (Popup, 3F)
Top of the 2nd over - 1 run(s), 2 hit(s), 0 error(s), 1 left on base; Detroit 2 - Athens 0
BOTTOM OF THE 2ND
Athens Assassins batting - Pitching for Detroit Dirty Snow : RHP Frank Davis
Batting: LHB António Romo 0-0: Swinging Strike
0-1: Swinging Strike
0-2: Ball
1-2: Ball
2-2: Foul Ball, location: 2F
2-2: Ball
3-2: Base on Balls
Batting: LHB Xavier Smith 0-0: Ball
1-0: Ball
2-0: Ball
3-0: Called Strike
3-1: Fly out, F9 (Line Drive, 9M)
Batting: LHB Al Bartlett 0-0: Called Strike
0-1: Ball
1-1: Foul Ball, location: 2F
1-2: Ball
2-2: Foul Ball, location: 2F
2-2: Ball
3-2: Grounds into double play, 4-6-3 (Groundball, 4)
Bottom of the 2nd over - 0 run(s), 0 hit(s), 0 error(s), 0 left on base; Detroit 2 - Athens 0
TOP OF THE 3RD
Detroit Dirty Snow batting - Pitching for Athens Assassins : RHP Kieron Lahyani
Batting: RHB Cristo Souza 0-0: Called Strike
0-1: Ball
1-1: Ball
2-1: Fly out, F9 (Line Drive, 89S)
Batting: LHB Eric Powell 0-0: Ball
1-0: Foul Ball, location: 2F
1-1: Foul Ball, location: 2F
1-2: Foul Ball, location: 2F
1-2: Ball
2-2: Strikes out swinging
Batting: SHB Tim Reid 0-0: Ball
1-0: Ball
2-0: Ball
3-0: Base on Balls
Batting: RHB Héctor Berrios 0-0: Ball
1-0: Ball
2-0: Foul Ball, location: 2F
2-1: Ground out 5-3 (Groundball, 56)
Top of the 3rd over - 0 run(s), 0 hit(s), 0 error(s), 1 left on base; Detroit 2 - Athens 0
BOTTOM OF THE 3RD
Athens Assassins batting - Pitching for Detroit Dirty Snow : RHP Frank Davis
Batting: LHB Mike Davis 0-0: Called Strike
0-1: Ball
1-1: Swinging Strike
1-2: Foul Ball, location: 2F
1-2: Ball
2-2: Foul Ball, location: 2F
2-2: Ball
3-2: Foul Ball, location: 2F
3-2: Foul Ball, location: 2F
3-2: Ground out 4-3 (Groundball, 4)
Batting: RHB Ryan Jackson 0-0: Ball
1-0: Ball
2-0: Foul Ball, location: 2F
2-1: Ground out 1-3 (Groundball, 13S)
Batting: SHB José Estreito 0-0: Ball
1-0: Swinging Strike
1-1: Ball
2-1: Foul Ball, location: 2F
2-2: Foul Ball, location: 2F
2-2: Foul Ball, location: 2F
2-2: Foul Ball, location: 2F
2-2: Foul Ball, location: 2F
2-2: Foul Ball, location: 2F
2-2: Foul Ball, location: 2F
2-2: Ball
3-2: Fly out, F7 (Flyball, 7S)
Bottom of the 3rd over - 0 run(s), 0 hit(s), 0 error(s), 0 left on base; Detroit 2 - Athens 0
TOP OF THE 4TH
Detroit Dirty Snow batting - Pitching for Athens Assassins : RHP Kieron Lahyani
Batting: RHB Manny Perea 0-0: Swinging Strike
0-1: Ball
1-1: SINGLE (Line Drive, 8LS)
Batting: RHB Charlie O'Farrell 0-0: Called Strike
0-1: Ball
1-1: Called Strike
1-2: Ball
2-2: Foul Ball, location: 2F
2-2: Foul Ball, location: 2F
2-2: Strikes out swinging
Pitching: RHP Ramiro Sierra
Batting: SHB Alan Garland 0-0: Ball
1-0: Called Strike
1-1: Ball
2-1: Foul Ball, location: 2F
2-2: Fly out, F7 (Flyball, 7D)
Batting: RHB Phil Wright 0-0: Ball
1-0: Ground out 6-3 (Groundball, 6)
Top of the 4th over - 0 run(s), 1 hit(s), 0 error(s), 1 left on base; Detroit 2 - Athens 0
BOTTOM OF THE 4TH
Athens Assassins batting - Pitching for Detroit Dirty Snow : RHP Frank Davis
Batting: RHB Juan Gonzáles 0-0: Called Strike
0-1: Swinging Strike
0-2: Ball
1-2: Foul Ball, location: 2F
1-2: DOUBLE (Line Drive, 7LS)
Batting: LHB Tommy Payne 0-0: Called Strike
0-1: Foul Ball, location: 2F
0-2: Ball
1-2: Ball
2-2: Ground out 4-3 (Groundball, 4M)
Juan Gonzáles to third
Batting: LHB Terry Simpson 0-0: Foul Ball, location: 2F
0-1: Ball
1-1: Ball
2-1: Ball
3-1: Base on Balls
Batting: LHB António Romo 0-0: Ball
1-0: SINGLE (Line Drive, 6MD)
Juan Gonzáles scores
Terry Simpson to second
Batting: LHB Xavier Smith 0-0: Ball
1-0: Ball
2-0: Swinging Strike
2-1: Called Strike
2-2: SINGLE (Groundball, 15) (infield hit)
Terry Simpson to third
António Romo to second
Batting: LHB Al Bartlett 0-0: Ball
1-0: Called Strike
1-1: Ball
2-1: Called Strike
2-2: Foul Ball, location: 2F
2-2: Foul Ball, location: 2F
2-2: Strikes out looking
Pitching: RHP Paul McFadden
Batting: LHB Mike Davis 0-0: Foul Ball, location: 2F
0-1: Ball
1-1: Ball
2-1: Swinging Strike
2-2: Strikes out looking
Bottom of the 4th over - 1 run(s), 3 hit(s), 0 error(s), 3 left on base; Detroit 2 - Athens 1
TOP OF THE 5TH
Detroit Dirty Snow batting - Pitching for Athens Assassins : RHP Ramiro Sierra
Batting: SHB Bob Noble 0-0: Ground out 4-3 (Groundball, 4)
Batting: RHB Cristo Souza 0-0: Ball
1-0: Called Strike
1-1: Swinging Strike
1-2: Ball
2-2: Strikes out swinging
Batting: LHB Eric Powell 0-0: Ball
1-0: Ball
2-0: Ball
3-0: Called Strike
3-1: Base on Balls
Batting: SHB Tim Reid 0-0: Ball
Eric Powell steals 2nd base
1-0: Foul Ball, location: 2F
1-1: Called Strike
1-2: Foul Ball, location: 2F
1-2: Strikes out looking
Top of the 5th over - 0 run(s), 0 hit(s), 0 error(s), 1 left on base; Detroit 2 - Athens 1
BOTTOM OF THE 5TH
Athens Assassins batting - Pitching for Detroit Dirty Snow : RHP Paul McFadden
Batting: RHB Ryan Jackson 0-0: Ball
1-0: Swinging Strike
1-1: Ball
2-1: Swinging Strike
2-2: Foul Ball, location: 2F
2-2: Fly out, F8 (Flyball, 8RS)
Batting: SHB José Estreito 0-0: Foul Ball, location: 2F
0-1: Swinging Strike
0-2: Ball
1-2: Ball
2-2: Ball
3-2: Fly out, F5 (Popup, 5)
Batting: RHB Juan Gonzáles 0-0: SINGLE (Line Drive, 56)
Batting: LHB Tommy Payne 0-0: Ball
1-0: Swinging Strike
1-1: Called Strike
1-2: Ball
Juan Gonzáles steals 2nd base
2-2: Ball
3-2: Base on Balls
Batting: LHB Terry Simpson 0-0: Called Strike
0-1: Ball
1-1: Fly out, F4 (Line Drive, 4)
Bottom of the 5th over - 0 run(s), 1 hit(s), 0 error(s), 2 left on base; Detroit 2 - Athens 1
TOP OF THE 6TH
Detroit Dirty Snow batting - Pitching for Athens Assassins : RHP Ramiro Sierra
Batting: RHB Héctor Berrios 0-0: Ball
1-0: Fly out, F9 (Line Drive, 89S)
Batting: RHB Manny Perea 0-0: Called Strike
0-1: Ball
1-1: Ball
2-1: Ball
3-1: SINGLE (Groundball, 6M)
Batting: RHB Charlie O'Farrell 0-0: Foul Ball, location: 2F
0-1: Swinging Strike
0-2: Ball
1-2: Ball
2-2: Ground out 5-3 (Groundball, 5S)
Manny Perea to second
Batting: SHB Alan Garland 0-0: Swinging Strike
0-1: Ball
1-1: Swinging Strike
1-2: Strikes out swinging
Top of the 6th over - 0 run(s), 1 hit(s), 0 error(s), 1 left on base; Detroit 2 - Athens 1
BOTTOM OF THE 6TH
Athens Assassins batting - Pitching for Detroit Dirty Snow : RHP Paul McFadden
Batting: LHB António Romo 0-0: DOUBLE (Flyball, 89D)
Batting: LHB Xavier Smith 0-0: Ball
1-0: Swinging Strike
1-1: Fly out, F9 (Line Drive, 9LM)
Batting: LHB Al Bartlett 0-0: Ball
1-0: Ball
2-0: Ball
3-0: Called Strike
3-1: Called Strike
3-2: Fly out, F9 (Flyball, 89S)
Batting: LHB Mike Davis 0-0: Ball
1-0: Ball
2-0: Called Strike
2-1: Swinging Strike
2-2: Ball
3-2: Strikes out swinging
Bottom of the 6th over - 0 run(s), 1 hit(s), 0 error(s), 1 left on base; Detroit 2 - Athens 1
TOP OF THE 7TH
Detroit Dirty Snow batting - Pitching for Athens Assassins : RHP Ramiro Sierra
Batting: RHB Phil Wright 0-0: Ground out 6-3 (Groundball, 6)
Batting: SHB Bob Noble 0-0: Ball
1-0: Ball
2-0: SINGLE (Line Drive, 34)
Pitching: RHP Tony Murillo
Batting: RHB Cristo Souza 0-0: Ball
1-0: Foul Ball, location: 2F
1-1: Called Strike
1-2: Strikes out swinging
Batting: LHB Eric Powell 0-0: Called Strike
0-1: Ball
1-1: Ball
Bob Noble is caught stealing 2nd base
Top of the 7th over - 0 run(s), 1 hit(s), 0 error(s), 0 left on base; Detroit 2 - Athens 1
BOTTOM OF THE 7TH
Athens Assassins batting - Pitching for Detroit Dirty Snow : RHP Paul McFadden
Pitching: RHP Benjamin Hutchison
Batting: RHB Ryan Jackson 0-0: Swinging Strike
0-1: Foul Ball, location: 2F
0-2: Fly out, F9 (Flyball, 89XD)
Batting: SHB José Estreito 0-0: Ball
1-0: Called Strike
1-1: Ball
2-1: Hit by Pitch
Batting: RHB Juan Gonzáles 0-0: Hit by Pitch
José Estreito to second
Batting: LHB Tommy Payne 0-0: Ball
1-0: Foul Ball, location: 2F
1-1: Ball
2-1: Swinging Strike
2-2: Strikes out swinging
Batting: LHB Terry Simpson 0-0: Ball
1-0: Ball
2-0: Called Strike
2-1: Ball
3-1: Called Strike
3-2: Strikes out swinging
Bottom of the 7th over - 0 run(s), 0 hit(s), 0 error(s), 2 left on base; Detroit 2 - Athens 1
TOP OF THE 8TH
Detroit Dirty Snow batting - Pitching for Athens Assassins : RHP Tony Murillo
Batting: LHB Eric Powell 0-0: Swinging Strike
0-1: Foul Ball, location: 2F
0-2: Ball
1-2: Ball
2-2: Strikes out looking
Batting: SHB Tim Reid 0-0: Ball
1-0: Ball
2-0: Ball
3-0: Base on Balls
Batting: RHB Héctor Berrios 0-0: Ball
1-0: Foul Ball, location: 2F
1-1: SINGLE (Line Drive, 8RS)
Tim Reid to second
Batting: RHB Manny Perea 0-0: Ball
1-0: Called Strike
1-1: Called Strike
1-2: Foul Ball, location: 2F
1-2: Ball
2-2: Strikes out looking
Batting: RHB Charlie O'Farrell 0-0: Ball
1-0: Ball
2-0: Swinging Strike
2-1: Ball
3-1: Foul Ball, location: 2F
3-2: Base on Balls
Tim Reid to third
Héctor Berrios to second
Batting: SHB Alan Garland 0-0: Called Strike
0-1: Called Strike
0-2: Ball
1-2: Ground out 4-3 (Groundball, 4)
Top of the 8th over - 0 run(s), 1 hit(s), 0 error(s), 3 left on base; Detroit 2 - Athens 1
BOTTOM OF THE 8TH
Athens Assassins batting - Pitching for Detroit Dirty Snow : RHP Benjamin Hutchison
Pitching: RHP Vaughn Stanley
Batting: LHB António Romo 0-0: Called Strike
0-1: Swinging Strike
0-2: Ball
1-2: SINGLE (Line Drive, 4MD)
Batting: LHB Xavier Smith 0-0: Called Strike
0-1: Ball
1-1: Ball
2-1: Sac Bunt - play at first, batter OUT! 3-4
António Romo to second
Batting: LHB Al Bartlett 0-0: DOUBLE (Line Drive, 7LS)
António Romo scores
Batting: LHB Mike Davis 0-0: Intentional Walk
Pinch Hitting: LHB Pedro Rodríguez 0-0: Called Strike
0-1: Ball
1-1: Ball
2-1: Fly out, F5 (Popup, 5SF)
Batting: SHB José Estreito 0-0: Swinging Strike
0-1: Ball
Passed Ball!
Al Bartlett to third
Mike Davis to second
1-1: Ball
2-1: Ball
3-1: Fly out, F7 (Line Drive, 7M)
Bottom of the 8th over - 1 run(s), 2 hit(s), 0 error(s), 2 left on base; Detroit 2 - Athens 2
TOP OF THE 9TH
Detroit Dirty Snow batting - Pitching for Athens Assassins : RHP Tony Murillo
Pitching: RHP Cisco López
Now at 1B: Pedro Rodríguez
Batting: RHB Phil Wright 0-0: Ground out 5-3 (Groundball, 56)
Batting: SHB Bob Noble 0-0: Ball
1-0: Ball
2-0: Ball
3-0: Base on Balls
Batting: RHB Cristo Souza 0-0: Ball
1-0: Called Strike
1-1: Ball
2-1: Ball
3-1: Base on Balls
Bob Noble to second
Batting: LHB Eric Powell 0-0: Foul Ball, location: 2F
0-1: Ball
1-1: Foul Ball, location: 2F
1-2: Ball
2-2: Ball
3-2: Fly out, F6 (Popup, 6D)
Batting: SHB Tim Reid 0-0: Called Strike
0-1: Swinging Strike
0-2: Ball
1-2: Ball
2-2: SINGLE (Groundball, 4MD)
Bob Noble to third
Cristo Souza to second
Runner from 3rd tries for Home, SAFE, no throw or cutoff
Pitching: LHP Desi Wells
Batting: RHB Héctor Berrios 0-0: Ball
1-0: Ball
2-0: Ground out 5-3 (Groundball, 56S)
Top of the 9th over - 1 run(s), 1 hit(s), 0 error(s), 2 left on base; Detroit 3 - Athens 2
BOTTOM OF THE 9TH
Athens Assassins batting - Pitching for Detroit Dirty Snow : RHP Vaughn Stanley
Pitching: RHP Leonard Christensen
Batting: RHB Juan Gonzáles 0-0: Ball
1-0: Fly out, F9 (Flyball, 9LMF)
Batting: LHB Tommy Payne 0-0: Ball
1-0: Foul Ball, location: 2F
1-1: Ball
2-1: Called Strike
2-2: Foul Ball, location: 2F
2-2: Ball
3-2: Base on Balls
Batting: LHB Terry Simpson 0-0: Grounds into double play, 4-6-3 (Groundball, 4)
Bottom of the 9th over - 0 run(s), 0 hit(s), 0 error(s), 0 left on base; Detroit 3 - Athens 2
Monday, December 5th, 2016 - OOTP Baseball 17.12 Build 75